 Dungeon Crawl Stone Soup version 0.20.0-6-gd3061e9 (webtiles) character file.

60 cereshysteria the Insei (level 3, -5/31 HPs)
             Began as a Draconian Monk on May 29, 2017.
             Slain by straycat's ghost (7 damage)
             ... on level 3 of the Dungeon.
             The game lasted 00:04:03 (1311 turns).

cereshysteria the Insei (Draconian Monk)            Turns: 1311, Time: 00:04:04

Health: -5/31      AC:  6    Str: 16    XL:     3   Next: 82%
Magic:  3/3        EV: 19    Int:  8    God:
Gold:   124        SH:  0    Dex: 21    Spells: 2/2 levels left

rFire    + . .     SeeInvis .     - Unarmed
rCold    + . .     Gourm    .   (no shield)
rNeg     . . .     Faith    .   (armour unavailable)
rPois    +         Spirit   .   (helmet restricted)
rElec    +         Reflect  .   (no cloak)
rCorr    +         Harm     .   i - +0 pair of gloves {Str+3}
MR       .....                  (no boots)
Stlth    +++.......             (no amulet)
Regen    0.1/turn               (no ring)
MPRegen  0.1/turn               (no ring)

@: agile, resistant
A: unfitting armour, hooves 1, agile 1, dopey 1, cold-blooded, AC +5
a: no special abilities


You were on level 3 of the Dungeon.
You were not hungry.

You visited 1 branch of the dungeon, and saw 3 of its levels.

You collected 124 gold pieces.

Inventory:

Armour
 i - a +0 pair of gloves of strength (worn)
Scrolls
 c - 2 scrolls of teleportation {unknown}
 f - 3 scrolls of identify {unknown}
 g - a scroll of amnesia {unknown}
 j - a scroll of magic mapping {unknown}
 k - a scroll of remove curse {unknown}
Comestibles
 a - a bread ration
 d - a royal jelly


   Skills:
 - Level 3.2 Fighting
 - Level 2.9 Dodging
 - Level 1.8 Stealth
 + Level 4.6 Unarmed Combat


You had 2 spell levels left.
You didn't know any spells.

Dungeon Overview and Level Annotations

Branches:
Dungeon (3/15)

Altars:

Annotations:
D:3 straycat's ghost, amateur DgWn


Innate Abilities, Weirdness & Mutations

Your plain brown scales are hard. (AC +5)
You cannot fit into any form of body armour.
You are cold-blooded and may be slowed by cold attacks.
You have large cloven feet.
You are agile. (Dex +2)
You are dopey. (Int -2)


Message History

You tail-slap straycat's ghost, but do no damage.
Straycat's ghost is severely damaged.
Straycat's ghost hits you.
* * * LOW HITPOINT WARNING * * *
You barely miss straycat's ghost.
Straycat's ghost is severely damaged.
Straycat's ghost screams, "Do you think the gods will protect you?"
Straycat's ghost completely misses you.
Sorry, you're not good enough to have a special ability.
It was a potion of resistance.
You feel protected. Straycat's ghost barely misses you.
It was a potion of mutation.
You feel extremely strange.
Your feet thicken and deform.
You feel stupid.
You feel agile. Straycat's ghost hits you.
* * * LOW HITPOINT WARNING * * *
It was a potion of agility.
You feel agile all of a sudden. Straycat's ghost hits you!
You die...

##...## #.#.###.#
##+# #.#.....# #.#
#.####.(# ## #.# #.#
#..# .. ##.##
#.####..#
##.##...#####.......#
..$..........#####.##
#.##.W.####.## #.#
##@## #...####.# #.#
#........# #.#
#...###### #†# #####
#.# #.# #.# #.# #.#


You could see straycat's ghost.

Vanquished Creatures
  2 adders (D:2)
  A gnoll (D:1)
  A dart slug (D:2)
  2 leopard geckos (D:2)
  A ball python (D:2)
  A giant cockroach (D:2)
  A goblin (D:1)
  4 hobgoblins (D:1)
  5 kobolds
  3 bats
  6 frilled lizards
  4 rats
31 creatures vanquished.

Notes
Turn   | Place    | Note
-------+----------+-------------------------------------------
     0 | D:1      | cereshysteria the Draconian Monk began the quest for the Orb.
     0 | D:1      | Reached XP level 1. HP: 19/19 MP: 1/1
   217 | D:1      | Reached XP level 2. HP: 26/26 MP: 2/2
   733 | D:2      | Reached skill level 4 in Unarmed Combat
   733 | D:2      | Reached XP level 3. HP: 31/31 MP: 3/3
  1287 | D:3      | Noticed straycat's ghost (amateur DgWn)
  1310 | D:3      | Gained mutation: You have large cloven feet. [potion of mutation]
  1310 | D:3      | Gained mutation: You are dopey. (Int -2) [potion of mutation]
  1310 | D:3      | Gained mutation: You are agile. (Dex +2) [potion of mutation]
  1311 | D:3      | Slain by straycat's ghost

Skill      XL: |  1  2 |
---------------+-------+-----
Unarmed Combat | 4 |  4.6
Fighting       | |  3.2
Dodging        | |  2.9
Stealth        | |  1.8

Action                   || total
-------------------------++-------
Melee: Unarmed           ||   112
       Tailslap          ||    13
       Punch             ||     1
  Use: Potion            ||     3
 Stab: Sleeping          ||     4
  Eat: Bread ration      ||     1
Armor: Skin              ||    23
Dodge: Dodged            ||    63
